 Dungeon Crawl Stone Soup version 0.24.0-1-gfbc8707 (webtiles) character file.

Game seed: 18152941827502389002, levelgen mode: deterministic

168 Dorkslayer the Sneak (level 5, -4/36 HPs)
             Began as an Octopode Assassin on Nov 14, 2019.
             Slain by a leopard gecko (5 damage)
             ... on level 3 of the Dungeon.
             The game lasted 00:07:10 (1546 turns).

Dorkslayer the Sneak (Octopode Assassin)            Turns: 1546, Time: 00:07:11

Health: -4/36      AC:  1    Str: 12    XL:     5   Next: 48%
Magic:  14/14      EV: 13    Int: 13    God:
Gold:   94         SH:  0    Dex: 13    Spells: 4/4 levels left

rFire    . . .     SeeInvis .   a - +2 dagger
rCold    . . .     Gourm    .   (no shield)
rNeg     . . .     Faith    .   (helmet restricted)
rPois    .         Spirit   .   (no amulet)
rElec    .         Reflect  .   h - ring of magical power
rCorr    .         Harm     .   (no ring)
MR       .....                  (no ring)
Stlth    +++++.....             (no ring)
HPRegen  0.12/turn              (no ring)
MPRegen  0.14/turn              (no ring)
                                (no ring)
                                (no ring)

@: lethally poisoned (-4 -> -6)
A: almost no armour, stealthy swim, amphibious, 8 rings, constrict 8, camouflage
1, gelatinous body 1
a: no special abilities


You were on level 3 of the Dungeon.
You were not hungry.

You visited 1 branch of the dungeon, and saw 3 of its levels.

You collected 94 gold pieces.

Inventory:

Hand Weapons
 a - a +2 dagger (weapon)
Missiles
 c - a curare-tipped dart (quivered)
 j - a poisoned dart
Jewellery
 h - a ring of magical power (left tentacle)
Scrolls
 l - a scroll of identify {unknown}
 m - a scroll of remove curse {unknown}
Potions
 e - a potion of magic
 g - a potion of haste {unknown}
 k - a potion of agility {unknown}
Comestibles
 d - 4 rations
 f - 3 chunks of flesh


   Skills:
 * Level 3.0 Fighting
 + Level 2.7 Short Blades
 + Level 2.5 Throwing
 + Level 1.6 Dodging
 + Level 7.4 Stealth


You had 4 spell levels left.
You didn't know any spells.
Your spell library was empty.

Dungeon Overview and Level Annotations

Branches:
Dungeon (3/15)

Altars:


Innate Abilities, Weirdness & Mutations

You cannot wear most types of armour.
You are very stealthy in the water. (Stealth+)
You are amphibious.
You can wear up to eight rings at the same time.
You can use your tentacles to constrict eight enemies at once.
Your skin changes colour to match your surroundings (Stealth+).
Your rubbery body absorbs attacks. (AC +1, EV +1)


Message History

You hit the adder.
The adder is heavily wounded.
You constrict the adder. The bat closely misses you.
The adder completely misses you. The leopard gecko bites you.
* * * LOW HITPOINT WARNING * * *
The adder misses you.
You hit the adder.
You kill the adder!
Your Fighting skill increases to level 3!
* * * LOW HITPOINT WARNING * * *
You feel sick. The bat misses you. The leopard gecko closely misses you.
The bat misses you. The leopard gecko bites you.
* * * LOW HITPOINT WARNING * * *
The bat hits you but does no damage.
The leopard gecko hisses menacingly.
You see here an orc corpse.
You hit the leopard gecko. Your grab misses the leopard gecko.
The leopard gecko is severely wounded.
The bat closely misses you. The leopard gecko bites you.
You die...

#. ##(...#.# ##.
#......###
#..#######)..#...#
#........(.#.# #.# # .
#.......).##.# .###.##
..#.........#..###.#.....
........>...#....#.......
......>##†###..b.........
#.....##(.÷..@l......#
#........######.#....#
#.......## #..###..#
#...#........##...# .#
#......#...#..#.#.#
#...#..###.# .!...
.....##.. ... .###.. #...
### ###. ... %..


You could see a leopard gecko and a bat.

Vanquished Creatures
  An orc priest (D:3)
  7 adders
  2 oozes (D:1)
  2 worms (D:2)
  3 leopard geckos
  2 orcs (D:3)
  3 giant cockroaches
  5 hobgoblins
  A jackal (D:3)
  7 bats
  2 frilled lizards
  12 goblins
  8 kobolds
  7 rats
62 creatures vanquished.

Notes
Turn   | Place    | Note
-------+----------+-------------------------------------------
     0 | D:1      | Dorkslayer the Octopode Assassin began the quest for the
                  | Orb.
     0 | D:1      | Reached XP level 1. HP: 14/14 MP: 1/1
   144 | D:1      | Reached XP level 2. HP: 19/19 MP: 2/2
   292 | D:1      | Reached skill level 6 in Stealth
   454 | D:1      | Reached XP level 3. HP: 24/24 MP: 3/3
  1054 | D:2      | Reached XP level 4. HP: 22/30 MP: 4/4
  1100 | D:2      | Reached skill level 7 in Stealth
  1487 | D:3      | Reached XP level 5. HP: 17/36 MP: 5/5
  1544 | D:3      | HP: 1/36 [leopard gecko (2)]
  1546 | D:3      | Slain by a leopard gecko

Levels and vault maps discovered:
D:1:      dpeg_arrival_subterranean_lakeside_camping, layout_basic
D:2:      layout_basic
D:3:      layout_rooms, first_ration

Skill      XL: |  1  2  3  4  5 |
---------------+----------------+-----
Stealth        | 6 7 |  7.4
Fighting       | 3 |  3.0
Short Blades   | |  2.7
Throwing       | |  2.5
Dodging        | |  1.6

Action                   |  1- 3 |  4- 6 || total
-------------------------+-------+-------++-------
Melee: Dagger            |    57 |    52 ||   109
       Constrict         |    14 |    14 ||    28
       Tentacles         |     6 |    12 ||    18
Throw: Dart              |     9 |    21 ||    30
  Use: Potion            |       |     3 ||     3
 Stab: Sleeping          |    16 |     3 ||    19
  Eat: Chunk             |       |     2 ||     2
Armor: Skin              |     3 |     5 ||     8
Dodge: Dodged            |    23 |    48 ||    71
